 Dungeon Crawl Stone Soup version 0.26-a0-8-gc4d20be (webtiles) character file.

Game seed: 947972919642334211, levelgen mode: deterministic

29 thirtiethelement the Skirmisher (level 3, 21/30 HPs)
             Began as a Demonspawn Abyssal Knight on May 24, 2020.
             Was a Follower of Lugonu.
             Quit the game on level 2 of the Dungeon.
             The game lasted 00:04:14 (792 turns).

thirtiethelement the Skirmisher (DsAK)               Turns: 792, Time: 00:04:15

Health: 21/30      AC:  4    Str: 12    XL:     3   Next: 1%
Magic:  4/4        EV: 11    Int: 13    God:    Lugonu [*.....]
Gold:   70         SH:  0    Dex: 13    Spells: 2/2 levels left

rFire    . . .     SeeInvis .   d - +0 scimitar
rCold    . . .     Gourm    .   (no shield)
rNeg     . . .     Faith    .   b - +1 leather armour
rPois    .         Spirit   .   (no helmet)
rElec    .         Reflect  .   (no cloak)
rCorr    .         Harm     .   (no gloves)
MR       .....                  (no boots)
Stlth    ++........             (no amulet)
HPRegen  0.10/turn              (no ring)
MPRegen  0.09/turn              (no ring)

@: no status effects
A: talons 1, nightstalker 1
a: Depart the Abyss, Renounce Religion


You were on level 2 of the Dungeon.
You worshipped Lugonu.
Lugonu was aware of your devotion.
You were not hungry.

You visited 1 branch of the dungeon, and saw 2 of its levels.
You visited the Abyss 1 time.

You collected 70 gold pieces.

Inventory:

Hand Weapons
 a - a +1 falchion
 d - a +0 scimitar (weapon)
 e - a +0 quarterstaff of pain
Missiles
 f - 2 boomerangs (quivered)
Armour
 b - a +1 leather armour (worn)
Scrolls
 g - 2 scrolls of remove curse
Potions
 h - a potion of might {unknown}
 j - a potion of stabbing {unknown}
Comestibles
 c - 3 rations


   Skills:
 + Level 3.8 Fighting
 + Level 2.3 Long Blades
 + Level 1.7 Armour
 + Level 0.8 Dodging
 + Level 2.5 Invocations


You had 2 spell levels left.
You didn't know any spells.
Your spell library was empty.

Dungeon Overview and Level Annotations

Branches:
Dungeon (2/15)

Altars:


Innate Abilities, Weirdness & Mutations

You have sharp toenails.
You are slightly more attuned to the shadows.


Message History

The goblin is severely wounded.
The goblin hits you with a +0 club.
You barely miss the goblin.
The goblin is severely wounded.
The goblin misses you.
You hit the goblin.
You kill the goblin!
Lugonu accepts your kill.
You hit the hobgoblin. Your kick misses the hobgoblin.
The hobgoblin is heavily wounded.
The hobgoblin closely misses you.
You hit the hobgoblin.
You kill the hobgoblin!
Lugonu accepts your kill.
You have reached level 3!
Your experience leads to an increase in your attributes!
Increase (S)trength, (I)ntelligence, or (D)exterity?
You feel agile.
Your demonic ancestry asserts itself...
You slip into the darkness of the dungeon.
Are you sure you want to abandon this character and quit the game? (Confirm with "yes".)

...............††#
...####.........<#
#.........)#
#.^........#
##........##
##......##
#####.## #.# #@#
#)# #.# ... ...
..... #####


There were no monsters in sight!

Vanquished Creatures
  An adder (D:2)
  A dart slug (D:1)
  A ball python (D:1)
  2 bats
  2 goblins (D:2)
  A hobgoblin (D:2)
  4 kobolds (D:1)
  A quokka (D:2)
  2 frilled lizards
  2 rats (D:1)
17 creatures vanquished.

Notes
Turn   | Place    | Note
-------+----------+-------------------------------------------
     0 | Abyss:1  | thirtiethelement the Demonspawn Abyssal Knight began the
                  | quest for the Orb.
     0 | Abyss:1  | Reached XP level 1. HP: 18/18 MP: 2/2
    38 | Abyss:1  | Noticed a neqoxec
    38 | Abyss:1  | Noticed a bone dragon
    81 | Abyss:2  | Noticed a large abomination
    81 | Abyss:2  | Noticed a sky beast
    95 | Abyss:2  | Noticed a wretched star
   108 | D:1      | Escaped the Abyss
   438 | D:1      | Gained mutation: You have sharp toenails. [demonic
                  | ancestry]
   438 | D:1      | Reached XP level 2. HP: 19/24 MP: 3/3
   740 | D:2      | Reached * piety under Lugonu
   791 | D:2      | Gained mutation: You are slightly more attuned to the
                  | shadows. [demonic ancestry]
   791 | D:2      | Reached XP level 3. HP: 21/30 MP: 4/4
   792 | D:2      | Quit the game

Illustrated notes

Levels and vault maps discovered:
D:1:      saegor_arrival_under_anarchy, layout_loops_cross
D:2:      layout_rooms, lemuel_crystal_altar, minmay_tetromino_s4

Skill      XL: |  1  2 |
---------------+-------+-----
Long Blades    | 2 |  2.3
Fighting       | |  3.8
Armour         | |  1.7
Dodging        | |  0.8
Invocations    | |  2.5

Action                   || total
-------------------------++-------
Melee: Scimitar          ||    42
       Kick              ||     6
Invok: Depart the Abyss  ||     1
  Use: Scroll            ||     5
Armor: Leather armour    ||     6
Dodge: Dodged            ||    29
       Rpst.: Scimitar   ||     7

Table legend:
 A = Non-vault XP
 B = Vault XP
 C = Vault XP percentage of total XP
 D = Non-vault monster count
 E = Vault monster count
 F = Vault count percentage of total count
                 A         B        C        D         E       F
            +---------+---------+-------+---------+---------+-------
      Total |      42 |       0 |   0.0 |      17 |       0 |   0.0
            +---------+---------+-------+---------+---------+-------
        D:1 |      18 |       0 |   0.0 |      10 |       0 |   0.0
        D:2 |      24 |       0 |   0.0 |       7 |       0 |   0.0
            +---------+---------+-------+---------+---------+-------
